Map: Zen LE

Players

BabyDietCoke

  • Race: Zerg Zerg
  • League: Platinum
  • Spawn Location: 1:00

ViBE - Winner!

  • Race: Terran Terran
  • League: Platinum
  • Spawn Location: 7:00

VOD

Have the link to the VOD?

Description

Time

  • Played on: Dec. 11, 2019, 9:20 p.m.
  • Length: 15:30
Show
View Real Time Build Order
Export as new Build Order

BabyDietCoke Zerg 

Build Orders: Hatch First 

Get SALT Encoding   

  12  0:02  Drone  
  13  0:13  Overlord  
  13  0:17  Drone  
  14  0:33  Drone x2  
  16  0:43  Drone  
  17  0:54  Hatchery  
  16  0:57  Drone  
  16  1:01  Extractor  
  16  1:03  Drone  
  17  1:08  Drone  
  18  1:19  Drone  
  18  1:25  Spawning Pool  
  18  1:30  Drone  
  19  1:50  Drone x2  
  21  2:01  Overlord  
  21  2:11  Queen x2  
  21  2:12  Metabolic Boost  
  21  2:14  Drone  
  26  2:16  Drone  
  26  2:18  Drone  
  28  2:24  Zergling x2  
  28  2:28  Zergling x2  
  30  2:36  Drone  
  31  2:41  Drone  
  32  2:47  Queen x2  
  36  2:54  Overlord x2  
  36  3:14  Drone x4  
  36  3:16  Drone  
  41  3:23  Drone x3  
  41  3:24  Drone  
  45  3:37  Drone x2  
  45  3:41  Lair  
  47  3:42  Drone x2  
  47  3:44  Extractor  
  47  3:46  Extractor  
  47  3:49  Overlord x2  
  47  3:53  Zergling x4, Hatchery  
  47  3:55  Zergling x2  
  49  3:56  Zergling x2  
  48  4:20  Drone x6  
  54  4:25  Roach Warren  
  53  4:40  Drone x2  
  53  4:41  Evolution Chamber  
  53  4:42  Evolution Chamber  
  53  4:47  Drone  
  53  4:48  Spire  
  53  4:50  Extractor  
  53  4:52  Overlord x3  
  52  5:08  Roach x4  
  52  5:09  Roach x4  
  52  5:11  Zerg Missile Weapons Level 1  
  68  5:22  Drone x3  
  68  5:25  Drone  
  71  5:45  Roach  
  71  5:46  Roach x7  
  71  5:47  Roach  
  86  5:51  Zerg Ground Armor Level 1  
  86  5:55  Drone x2  
  88  5:59  Roach  
  88  6:00  Roach  
  88  6:02  Drone x3  
  95  6:06  Glial Reconstitution  
  95  6:13  Drone x3  
  95  6:14  Overlord  
  98  6:28  Overlord x3  
  98  6:35  Infestation Pit  
  98  6:38  Drone x4  
  98  6:39  Drone x4  
  105  6:42  Extractor  
  105  6:44  Roach  
  106  6:48  Ravager  
  106  6:49  Ravager x4  
  106  6:53  Extractor  
  110  7:09  Hatchery  
  110  7:12  Drone x6  
  115  7:17  Drone x2  
  115  7:18  Overlord x3  
  115  7:21  Roach x4  
  125  7:28  Overlord x3  
  125  7:33  Zerg Missile Weapons Level 2  
  87  8:08  Roach x2  
  87  8:09  Roach x7  
  87  8:10  Roach x6  
  112  8:16  Hive  
  112  8:19  Roach x5  
  122  8:20  Zerg Ground Armor Level 2  
  122  8:25  Roach x4  
  130  8:30  Ravager x3  
  130  8:31  Ravager  
  134  8:47  Drone x8  
  134  8:48  Drone x6  
  148  9:10  Drone  
  148  9:11  Extractor, Drone x2  
  148  9:12  Extractor, Overlord x4  
  148  9:15  Roach x3  
  155  9:28  Corruptor x8  
  117  10:06  Roach x4  
  117  10:07  Roach x8  
  125  10:08  Roach x7  
  125  10:09  Roach x4  
  125  10:13  Greater Spire  
  155  10:29  Zerg Missile Weapons Level 3  
  155  10:32  Zergling x6  
  155  10:33  Zergling x16  
  166  10:51  Drone  
  166  10:56  Roach x5  
  177  10:58  Ravager x5  
  177  11:02  Baneling Nest  
  177  11:03  Infestor x2  
  185  11:08  Neural Parasite  
  185  11:11  Drone  
  185  11:12  Zergling x4  
  185  11:13  Zergling x6  
  191  11:35  Brood Lord x2  
  191  11:36  Brood Lord x2  
  191  11:38  Zergling x2  
  152  12:19  Infestor x4  
  152  12:21  Zergling x12  
  152  12:22  Zergling x4  
  168  12:23  Centrifical Hooks  
  168  12:39  Hatchery  
  168  12:42  Zergling x10  
  168  12:43  Zergling x6  
  175  12:45  Brood Lord  
  175  12:46  Brood Lord  
  179  12:53  Infestor x4  
  187  13:08  Zergling x2  
  187  13:09  Zergling x6  
  187  13:12  Adrenal Glands  
  191  13:18  Zergling x8  
  105  14:05  Zergling x10  
  105  14:06  Zergling x14  
  105  14:07  Baneling  
  105  14:08  Baneling x8  
  105  14:09  Baneling x6  
  114  14:15  Zergling x2  
  114  14:16  Zergling x14  
  101  14:37  Zergling x10  
  101  14:38  Zergling x6  
  93  14:49  Roach x3  
  93  14:50  Roach x2  
Show
View Real Time Build Order
Export as new Build Order

ViBE Terran - Winner!

Build Orders: 2 Factory, Reaper Expand, Mech 

Get SALT Encoding   

  12  0:00  SCV  
  13  0:15  Supply Depot  
  13  0:17  SCV  
  14  0:29  SCV  
  15  0:41  Barracks  
  15  0:42  SCV  
  16  0:46  Refinery  
  16  0:54  SCV  
  17  1:08  SCV  
  18  1:20  SCV  
  19  1:30  Reaper  
  20  1:33  Orbital Command  
  20  1:43  Command Center  
  20  1:59  SCV  
  21  2:10  Supply Depot  
  21  2:11  SCV  
  21  2:14  Refinery  
  22  2:23  SCV  
  22  2:24  Barracks Reactor  
  22  2:26  Factory  
  23  2:35  SCV  
  24  2:47  SCV  
  25  2:54  Factory  
  25  2:55  Orbital Command  
  25  2:59  SCV, Supply Depot  
  26  3:11  SCV  
  27  3:16  Barracks Tech Lab  
  27  3:17  Hellion x2  
  31  3:23  SCV x2  
  33  3:30  Supply Depot  
  33  3:35  SCV  
  33  3:36  SCV  
  35  3:44  Hellion x2  
  35  3:46  Siege Tank  
  35  3:47  SCV  
  43  3:51  SCV  
  44  4:00  SCV  
  45  4:03  SCV  
  45  4:07  Command Center  
  46  4:13  SCV  
  46  4:15  SCV, Hellion x2  
  52  4:23  Supply Depot, Siege Tank  
  55  4:25  SCV  
  55  4:33  SCV  
  55  4:37  SCV  
  58  4:45  SCV  
  58  4:49  SCV  
  58  4:52  Armory  
  59  4:53  Engineering Bay  
  59  4:54  Hellion x2  
  59  4:57  SCV, Refinery  
  64  5:01  SCV  
  64  5:03  Refinery  
  65  5:09  SCV  
  65  5:13  SCV, Supply Depot  
  67  5:14  Supply Depot  
  67  5:16  Supply Depot, Siege Tank  
  67  5:19  Hellion x2  
  74  5:26  SCV x2, Supply Depot  
  76  5:39  Command Center  
  76  5:45  SCV x2  
  76  5:49  Orbital Command  
  78  5:52  Thor  
  78  5:54  Hellion  
  78  5:56  Terran Vehicle Weapons Level 1  
  86  6:04  SCV x2  
  88  6:16  SCV  
  88  6:17  SCV  
  90  6:20  Missile Turret  
  90  6:21  Missile Turret  
  90  6:27  Missile Turret  
  90  6:34  Missile Turret  
  90  6:36  SCV x2  
  90  6:37  SCV, Supply Depot  
  90  6:38  Thor  
  90  6:39  Missile Turret, Hellion x2  
  103  6:42  Missile Turret  
  103  6:44  Neosteel Armor  
  103  6:48  SCV x2  
  103  6:49  SCV  
  106  6:58  Missile Turret  
  107  7:08  SCV x3  
  107  7:09  Refinery x2  
  107  7:11  Hellion x2  
  113  7:21  Thor  
  119  7:27  Command Center  
  119  7:28  SCV x2  
  119  7:29  SCV  
  122  7:32  Armory  
  122  7:36  Factory  
  122  7:39  Factory  
  122  7:40  SCV x2  
  122  7:42  Factory x2  
  122  7:44  SCV  
  106  7:52  SCV  
  106  7:56  SCV x2  
  94  8:04  SCV  
  90  8:06  Thor  
  90  8:07  Hellbat  
  90  8:08  SCV x2, Hellbat  
  96  8:16  SCV, Supply Depot  
  97  8:20  SCV x2  
  97  8:23  Factory Tech Lab x2  
  97  8:25  Factory Tech Lab  
  99  8:27  Factory Reactor  
  99  8:28  Terran Vehicle Weapons Level 2  
  99  8:29  SCV, Terran Vehicle And Ship Armor Level 1  
  99  8:32  SCV x2  
  104  8:34  Hellbat x2  
  104  8:39  Planetary Fortress  
  104  8:41  SCV  
  107  8:44  SCV x2, Thor, Supply Depot  
  115  8:52  Thor  
  115  8:53  SCV  
  122  8:56  SCV, Siege Tank  
  126  9:05  Siege Tank  
  126  9:07  SCV x2  
  126  9:08  SCV  
  126  9:09  Missile Turret  
  132  9:11  Refinery  
  132  9:13  Refinery  
  132  9:20  Supply Depot  
  132  9:21  SCV x2  
  132  9:22  SCV  
  132  9:23  SCV  
  136  9:28  Thor  
  136  9:29  Command Center  
  142  9:33  Hi-Sec Auto Tracking  
  142  9:35  Smart Servos  
  142  9:36  Infernal Pre-Igniter  
  123  9:48  Thor x2  
  123  9:49  Hellbat  
  132  9:53  SCV x4  
  122  10:00  Supply Depot  
  122  10:05  SCV x3  
  124  10:13  Thor  
  130  10:14  Thor  
  130  10:15  Hellbat x3  
  142  10:32  Thor x2  
  142  10:35  Terran Vehicle And Ship Armor Level 2  
  154  10:44  Planetary Fortress  
  154  10:47  Hellbat  
  154  10:48  Hellbat x3  
  162  10:56  SCV x3  
  162  10:57  SCV  
  166  10:58  Thor  
  166  10:59  Thor  
  178  11:07  Hellion x2  
  178  11:08  SCV  
  178  11:09  Hellbat x4  
  187  11:11  Terran Vehicle Weapons Level 3  
  187  11:19  Missile Turret  
  187  11:21  Refinery x2  
  187  11:37  Command Center  
  170  12:03  SCV x3, Command Center  
  170  12:04  SCV  
  166  12:09  Thor x3  
  166  12:10  Hellion  
  186  12:17  Thor  
  186  12:18  Hellbat x3  
  186  12:22  Factory x2  
  198  12:23  Factory  
  198  12:26  Factory, Hellion  
  198  12:28  Hellion  
  198  12:29  Planetary Fortress  
  198  12:39  Refinery x2  
  198  12:54  Missile Turret  
  198  12:56  Hellbat  
  200  13:01  Factory  
  200  13:03  Factory x2  
  200  13:04  Factory x2  
  200  13:06  Factory  
  200  13:09  Orbital Command  
  200  13:20  Command Center  
  196  13:53  Factory Reactor, Factory Tech Lab x2  
  196  13:54  Factory Tech Lab  
  168  13:55  Factory Reactor x2  
  168  13:56  Factory Tech Lab x3  
  168  13:57  Thor, Factory Tech Lab  
  168  13:58  Thor x3  
  168  13:59  Hellbat x2  
  184  14:11  Planetary Fortress  
  184  14:30  Thor x4  
  200  14:37  Orbital Command  
  194  14:40  Thor  
  194  14:41  Command Center  
  200  15:06  Supply Depot  
Tags
 
Add a new tag
Caveats
  • Supply blocks, unpowered buildings, or Contaminate may cause inaccurate times.
  • Supply counts are checked every 10 seconds.